 Dungeon Sprint DCSS version 0.28-a0-313-gbc0475efdd (webtiles) character file.

Game seed: 5057165625965951585

1875 Ankalagon the Severer (level 9, -1/105 HPs)
             Began as a Hill Orc Fighter on Aug 31, 2021.
             Was a Follower of Yredelemnul.
             Shot with a bolt by a yaktaur (5 damage)
             ... in the Dungeon (Sprint II: "The Violet Keep of Menkaure").
             The game lasted 00:03:45 (638 turns).

Ankalagon the Severer (Hill Orc Fighter)             Turns: 638, Time: 00:03:46

Health: -1/105     AC:  6    Str: 19    XL:     9   Next: 14%
Magic:  9/9        EV:  9    Int:  8    God:    Yredelemnul [*.....]
Gold:   8          SH: 13    Dex: 13    Spells: 8/8 levels left

rFire   . . .      SeeInvis .   e - +1 broad axe (flame)
rCold   . . .      Faith    .   c - +0 kite shield
rNeg    . . .      Spirit   .   b - +0 scale mail
rPois   .          Reflect  .   (no helmet)
rElec   .          Harm     .   (no cloak)
rCorr   .          Rampage  .   (no gloves)
Will    .....      NoTele   +   (no boots)
Stlth   ..........              (no amulet)
HPRegen 0.27/turn               (no ring)
MPRegen 0.11/turn               (no ring)

@: berserking, hasted and slowed
A: no striking features
a: Renounce Religion, Animate Remains


You were in the Dungeon.
You worshipped Yredelemnul.
Yredelemnul was aware of your devotion.
You visited 1 branch You collected 1410 gold pieces.
You spent 1402 gold pieces at shops.

Inventory:

Hand Weapons
 a - a +0 war axe
 e - a +1 broad axe of flaming (weapon)
Armour
 b - a +0 scale mail (worn)
 c - a +0 kite shield (worn)
Scrolls
 j - a scroll of blinking
Potions
 d - a potion of might
 h - 2 potions of magic


   Skills:
 - Level 3.6 Fighting
 + Level 17.2 Axes
 - Level 3.2 Armour
 + Level 15.0 Shields


You had 8 spell levels left.
You didn't know any spells.
Your spell library was empty.

Dungeon Overview and Level Annotations

Branches:
Dungeon (1/1)

Altars:
Cheibriados
Dithmenos
Elyvilon
Fedhas
Gozag
Hepliaklqana
Kikubaaqudgha
Makhleb
Nemelex Xobeh
Okawaru
Qazlal
Ru
Sif Muna
Trog
Uskayaw
Vehumet
Wu Jian
Xom
Yredelemnul
Zin
The Shining One
Beogh
Jiyva
Lugonu

Shops:
D ([:[(:=[!?[!=:!

Annotations:
D exclusion: oklob plant


Message History

* * * LOW HITPOINT WARNING * * *
You feel as though you will be slow longer.
You have reached level 9!
Your experience leads to an increase in your attributes!
Increase (S)trength, (I)ntelligence, or (D)exterity?
You feel agile.
You feel much better.
You feel sick. You block the hornet's attack.
You barely miss the hornet.
The hornet is heavily wounded.
You feel sick. The hornet stings you!
You suddenly lose the ability to move!
The hornet stings you!
* * * LOW HITPOINT WARNING * * *
You feel as though you will be slow longer.
You feel sick. The hornet stings you!
* * * LOW HITPOINT WARNING * * *
You feel as though you will be slow longer.
You can move again.
Unknown command.
Unknown command.
Unknown command.
You aren't carrying any items that you can evoke.
Okay, then.
Unknown command.
A red film seems to cover your vision as you go berserk!
You feel yourself moving faster!
You feel mighty!
You feel sick. You block the hornet's attack. x2
You slash the hornet! You burn the hornet.
You kill the hornet!
Yredelemnul accepts your kill.
You feel sick.
Your Axes skill increases to level 17!
Your Shields skill increases to level 15!
You feel sick.
You see here a hornet corpse.
You feel a strong urge to attack something.
You feel sick.
You are no longer poisoned.
The yaktaur wields a +0 arbalest.
The yaktaur shoots a bolt.
The bolt hits you.
You die...
Your body rises from the dead as a mindless zombie. . .##.### .### .#..# ...# ...# .).####..## #..# .# ()$ #'###.##..# +..# .# ()(?

#.##...#..# #..# .#▓$$$?
.<.÷##.+..### ..##.#▓$)!!
#.##...#§...###^..##▓▓▓▓▓▓
#'###.##......≈≈≈≈≈≈≈c≈≈≈≈
†#.####≈≈.§§..≈#@########+
##..#≈≈≈≈≈§≈§.≈#†._.....#§
#..##≈≈≈≈§§≈≈.≈#._._....#≈
#'##≈≈§≈≈≈§§≈§≈#_._._...#§
≈≈≈≈≈≈≈§≈§§≈≈§≈#._._._..#≈
+#+++#≈≈≈≈§§≈§≈#_._._._.#≈
≈S°≈ ##§§§###§≈#._._._._#≈
≈°°≈°≈##§§# #≈≈#_._._._.#≈
§≈≈○§≈§+≈§# #§≈#..._._._#§


You could see a yaktaur.

Vanquished Creatures
  A merfolk siren (D)
  3 polar bears (D)
  A hornet (D)
  Menkaure (D)
  A water moccasin (D)
  4 necrophages (D)
  5 scorpions (D)
  3 worms (D)
19 creatures vanquished.

Vanquished Creatures (others)
  A water moccasin (D)
1 creature vanquished.

Grand Total: 20 creatures vanquished

Notes
Turn   | Place    | Note
-------+----------+-------------------------------------------
     0 | D        | Ankalagon the Hill Orc Fighter began the quest for the Orb.
     0 | D        | Reached XP level 1. HP: 19/19 MP: 1/1
     1 | D        | Noticed a merfolk siren
    26 | D        | Killed a merfolk siren
    27 | D        | Reached skill level 12 in Axes
    27 | D        | Reached skill level 10 in Shields
    27 | D        | Reached XP level 2. HP: 26/26 MP: 2/2
    27 | D        | Reached XP level 3. HP: 31/31 MP: 3/3
    27 | D        | Reached XP level 4. HP: 39/39 MP: 4/4
    27 | D        | Reached XP level 5. HP: 45/45 MP: 5/5
    27 | D        | Reached XP level 6. HP: 51/51 MP: 6/6
    31 | D        | Noticed a necrophage
    31 | D        | Noticed a necrophage
    31 | D        | Noticed a necrophage
    31 | D        | Noticed a necrophage
    36 | D        | Killed a necrophage
    37 | D        | Reached skill level 13 in Axes
    42 | D        | Killed a necrophage
    43 | D        | Reached XP level 7. HP: 48/57 MP: 7/7
    61 | D        | Reached skill level 14 in Axes
   116 | D        | Noticed Menkaure
   123 | D        | Killed Menkaure
   303 | D        | Reached skill level 15 in Axes
   303 | D        | Reached XP level 8. HP: 48/64 MP: 8/8
   428 | D        | Found Taukhata's Armour Emporium.
   428 | D        | Found Zittun's Jewellery Emporium.
   428 | D        | Found Zesteab's Antique Armour Shoppe.
   428 | D        | Found Nantych's Distillery.
   428 | D        | Found Roigi's Magic Scroll Shoppe.
   428 | D        | Found Ugoprom's Distillery.
   428 | D        | Found Riucimit's Book Shoppe.
   429 | D        | Found Togus's Distillery.
   430 | D        | Found Uqateyz's Jewellery Shoppe.
   430 | D        | Found Mitatre's Book Emporium.
   432 | D        | Found Dudablylie's Antique Weapon Emporium.
   432 | D        | Found Ileisheb's Antique Armour Shoppe.
   432 | D        | Noticed an oklob plant
   451 | D        | Found Doun's Armour Shoppe.
   451 | D        | Found Koipserch's Antique Weapon Emporium.
   451 | D        | Found Uboamaro's Book Shoppe.
   458 | D        | Noticed a cane toad
   464 | D        | Noticed a cane toad
   473 | D        | Bought a scroll of acquirement for 676 gold pieces
   473 | D        | Acquired 681 gold pieces
   475 | D        | Bought a scroll of acquirement for 676 gold pieces
   475 | D        | Acquired a +1 broad axe of flaming
   480 | D        | Bought a potion of heal wounds for 50 gold pieces
   521 | D        | Found a stormy altar of Qazlal.
   521 | D        | Found an ornate altar of the Wu Jian Council.
   522 | D        | Found a hazy altar of Hepliaklqana.
   522 | D        | Found a sacrificial altar of Ru.
   592 | D        | Found a roughly hewn altar of Beogh.
   592 | D        | Found a viscous altar of Jiyva.
   592 | D        | Found a shimmering blue altar of Sif Muna.
   592 | D        | Found a shimmering altar of Xom.
   593 | D        | Found a snail-covered altar of Cheibriados.
   593 | D        | Found an ancient bone altar of Kikubaaqudgha.
   593 | D        | Found a bloodstained altar of Trog.
   594 | D        | Found a shadowy altar of Dithmenos.
   594 | D        | Found a corrupted altar of Lugonu.
   595 | D        | Found a white marble altar of Elyvilon.
   595 | D        | Found a burning altar of Makhleb.
   596 | D        | Found a blossoming altar of Fedhas.
   598 | D        | Found an opulent altar of Gozag.
   598 | D        | Found a glowing golden altar of the Shining One.
   598 | D        | Found a basalt altar of Yredelemnul.
   598 | D        | Found a hide-covered altar of Uskayaw.
   598 | D        | Found a sparkling altar of Nemelex Xobeh.
   598 | D        | Noticed a hornet
   598 | D        | Noticed a polar bear
   598 | D        | Noticed a polar bear
   598 | D        | Noticed a polar bear
   599 | D        | Found a glowing silver altar of Zin.
   599 | D        | Found a radiant altar of Vehumet.
   599 | D        | Found an iron altar of Okawaru.
   599 | D        | Noticed a yaktaur
   607 | D        | Became a worshipper of Yredelemnul the Dark
   620 | D        | Killed a polar bear
   621 | D        | Reached skill level 16 in Axes
   627 | D        | Killed a polar bear
   631 | D        | Killed a polar bear
   631 | D        | Reached * piety under Yredelemnul
   632 | D        | Reached XP level 9. HP: 11/70 MP: 9/9
   633 | D        | Paralysed by a hornet for 1 turns
   636 | D        | Killed a hornet
   636 | D        | HP: 5/105 [poisoned by a hornet]
   637 | D        | Reached skill level 17 in Axes
   637 | D        | Reached skill level 15 in Shields
   638 | D        | Shot with a bolt by a yaktaur

Illustrated notes

Levels and vault maps discovered:
D:        the_violet_keep_of_menkaure [sprint2_stairs_cluster_1,
          sprint2_shoproom, sprint2_temple, sprint2_basic_supplies,
          sprint2_obstacle_5, sprint2_obstacle_6, sprint2_obstacle_2,
          sprint2_obstacle_4, sprint2_obstacle_7, sprint2_timed_cluster_1,
          sprint2_smallroom_cluster_1, sprint2_smallroom_final_cluster_1,
          sprint2_transparent_cluster_1, sprint2_second_timed_cluster_1,
          sprint2_sniper_area_1, sprint2_heavy_combat_area_1,
          sprint2_mutation_trap_area_1, sprint2_forest_area_1,
          sprint2_light_combat_area_1, sprint2_behind_water_1,
          sprint2_near_end_vault_1]

Skill      XL: |  1  2  3  4  5  6  7  8  9 |
---------------+----------------------------+-----
Axes           | 12 13 15 16 17 | 17.2
Shields        | 10 11 13 14 15 | 15.0
Fighting       | |  3.6
Armour         | |  3.2

Action                   |  1- 3 |  4- 6 |  7- 9 || total
-------------------------+-------+-------+-------++-------
Melee: War axe           |    22 |    10 |    66 ||    98
       Broad axe         |       |       |    20 ||    20
  Use: Potion            |     2 |       |     3 ||     5
       Scroll            |       |       |     2 ||     2
Armor: Scale mail        |     2 |     1 |    16 ||    19
Dodge: Dodged            |     2 |       |    15 ||    17
Block: Kite shield       |     2 |     4 |    52 ||    58

Table legend: (Time is in decaauts)
 A = Elapsed time spent in this place.
 B = Non-inter-level travel time spent in this place.
 C = Inter-level travel time spent in this place.
 D = Time resting spent in this place.
 E = Time spent auto-exploring this place.
 F = Levels seen in this place.
 G = Mean time per level.
                   A        B        C        D        E       F      G
               +--------+--------+--------+--------+--------+-----+--------+
         Total |    645 |    645 |      0 |    363 |      0 |   1 |  645.0 |
       Dungeon |    645 |    645 |      0 |    363 |      0 |   1 |  645.0 |
               +--------+--------+--------+--------+--------+-----+--------+

Top non-repeatable levels by time:
       D: 645 daAuts
